 Dungeon Crawl Stone Soup version 0.28-a0-8-g6e044cfa68 (webtiles) character file.

Game seed: 16711410688510216456

1 backslashecho the Magician (level 1, 0/13 HPs)
             Began as a Formicid Wanderer on July 24, 2021.
             Slain by a ball python (3 damage)
             ... on level 1 of the Dungeon.
             The game lasted 00:00:41 (37 turns).

backslashecho the Magician (Formicid Wanderer)        Turns: 37, Time: 00:00:42

Health: 0/13       AC:  2    Str: 18    XL:     1   Next: 22%
Magic:  4/4        EV:  8    Int:  9    God:
Gold:   0          SH:  0    Dex: 10    Spells: 6/6 levels left

rFire   . . .      SeeInvis +   a - +0 club
rCold   . . .      Faith    .   (no shield)
rNeg    . . .      Spirit   .   b - +0 robe
rPois   .          Reflect  .   (helmet unavailable)
rElec   .          Harm     .   (no cloak)
rCorr   .          Rampage  .   (no gloves)
Will    .....                   (no boots)
Stlth   +.........              (no amulet)
HPRegen 0.04/turn               (no ring)
MPRegen 0.09/turn               (no ring)

@: constricted
A: permanent stasis, dig shafts and tunnels, antennae 3, four strong arms
a: Dig, Shaft Self


You were on level 1 of the Dungeon.
You visited 1 branch of the dungeon, and saw 1 of its levels.

Inventory:

Hand Weapons
 a - a +0 club (weapon)
Armour
 b - a +0 robe (worn)
Potions
 c - a potion of curing


   Skills:
 + Level 0.2 Fighting
 + Level 0.2 Maces & Flails
 - Level 1.0 Throwing
 - Level 1.2 Stealth
 - Level 3.2 Spellcasting
 - Level 1.7 Conjurations
 - Level 2.0 Summonings
 - Level 1.0 Ice Magic


You had 6 spell levels left.
You didn't know any spells.
Your spell library contained the following spells:

 Spells                   Type           Power      Damage    Failure   Level
 Magic Dart               Conj           16%        1d3       14%         1
 Call Imp                 Summ           5%         N/A       21%         2
 Sting                    Tmut/Pois      4%         1d3       30%         1
 Slow                     Hex            1%         N/A       41%         2
 Conjure Flame            Conj/Fire      3%         6-21      52%         3
 Mephitic Cloud           Conj/Pois/Air  2%         N/A       56%         3
 Ignite Poison            Fire/Tmut/Pois 1%         N/A       65%         3
 Blink                    Tloc           Unusable   N/A       N/A         2

Dungeon Overview and Level Annotations

Branches:
Dungeon (1/15)

Altars:


Innate Abilities, Weirdness & Mutations

You cannot be hasted, slowed, berserked, paralysed or teleported.
You can dig through walls and to a lower floor.
You have a pair of large antennae on your head. (SInv)
Your four strong arms can wield two-handed weapons with a shield.


Message History

A ball python comes into view.
Found a stone staircase leading down.
You hit the ball python.
The ball python is heavily wounded.
The ball python barely misses you. The ball python closely misses you.
The ball python bites you. The ball python misses you.
You take 2 damage, and have 11/13 hp.
You barely miss the ball python.
The ball python is heavily wounded.
The ball python bites you. The ball python closely misses you.
You take 2 damage, and have 9/13 hp.
You hit the ball python.
You kill the ball python!
The ball python bites you. The ball python grabs you.
The ball python constricts you.
You take 1 damage, and have 8/13 hp.
You hit the ball python.
The ball python is heavily wounded.
The ball python misses you. The ball python constricts you.
You take 1 damage, and have 7/13 hp.
You barely miss the ball python.
The ball python is heavily wounded.
The ball python bites you but does no damage.
The ball python constricts you. The ball python bites you.
The ball python constricts you.
You take 2 damage, and have 5/13 hp.
You closely miss the ball python.
The ball python is heavily wounded.
The ball python bites you.
* * * LOW HITPOINT WARNING * * *
The ball python constricts you.
You take 2 damage, and have 3/13 hp.
You closely miss the ball python.
The ball python is heavily wounded.
The ball python closely misses you. The ball python constricts you.
The ball python barely misses you. The ball python constricts you.
You closely miss the ball python.
The ball python is heavily wounded.
The ball python bites you.
You die...

. ######### ..
#.......# ... {
#...#.#.# ..>.
#...#.#.# .....
#...#.#.#
......#####...#.#.#
........S@....#.#..
S......####...#.#..
....... #####'#..
......# #.8#.######
...... #..........#
#.#..# #...8..8..8#
# #.. #<.........+
#.. #...8..8..8#
#..........#


You could see a ball python.

Vanquished Creatures
  A ball python (D:1)
1 creature vanquished.

Notes
Turn   | Place    | Note
-------+----------+-------------------------------------------
     0 | D:1      | backslashecho the Formicid Wanderer began the quest for the
                  | Orb.
     0 | D:1      | backslashecho set off with the following items: a +0 club,
                  | a +0 robe, a potion of curing; and the following spells
                  | available to memorise: Magic Dart, Call Imp, Sting, Slow,
                  | Conjure Flame, Mephitic Cloud, Ignite Poison
     0 | D:1      | Reached XP level 1. HP: 13/13 MP: 4/4
    37 | D:1      | Slain by a ball python

Illustrated notes

Levels and vault maps discovered:
D:1:      elethiomel_arrival_quiet, layout_rooms, minmay_cupped

Action                   || total
-------------------------++-------
Melee: Club              ||     8
Armor: Robe              ||     1
Dodge: Dodged            ||     7

Table legend: (Time is in decaauts)
 A = Elapsed time spent in this place.
 B = Non-inter-level travel time spent in this place.
 C = Inter-level travel time spent in this place.
 D = Time resting spent in this place.
 E = Time spent auto-exploring this place.
 F = Levels seen in this place.
 G = Mean time per level.
                   A        B        C        D        E       F      G
               +--------+--------+--------+--------+--------+-----+--------+
         Total |     39 |     39 |      0 |      0 |     22 |   1 |   39.0 |
       Dungeon |     39 |     39 |      0 |      0 |     22 |   1 |   39.0 |
               +--------+--------+--------+--------+--------+-----+--------+

Top non-repeatable levels by time:
     D:1: 39 daAuts
